 Dungeon Crawl Stone Soup version 0.30-a0-793-g160f7cfddd (webtiles) character file.

Game seed: 5714839823855482888

28 Esekla the Sneak (level 3, -13/26 HPs)
             Began as an Octopode Delver on Feb 20, 2023.
             Killed by divine providence
             ... invoked by an orc priest
              (17 damage)
             ... on level 5 of the Dungeon.
             The game lasted 00:03:52 (206 turns).

Esekla the Sneak (Octopode Delver)                   Turns: 206, Time: 00:03:52

Health: -13/26     AC:  1    Str: 11    XL:     3   Next: 14%
Magic:  3/3        EV: 13    Int: 14    God:
Gold:   6          SH:  0    Dex: 13    Spells: 3/3 levels left

rFire   . . .      SeeInvis .    a - +0 falchion
rCold   . . .      Faith    .    (no shield)
rNeg    . . .      Spirit   .    (helmet restricted)
rPois   .          Reflect  .    (no amulet)
rElec   .          Harm     .    (no ring)
rCorr   .          Rampage  .    (no ring)
Will    .....                    (no ring)
Stlth   ++++                     (no ring)
HPRegen 0.24/turn                (no ring)
MPRegen 0.08/turn                (no ring)
                                 (no ring)
                                 (no ring)

@: no status effects
A: almost no armour, amphibious, 8 rings, camouflage 1, gelatinous body 1,
(nimble swimmer 1), tentacles
a: no special abilities


You were on level 5 of the Dungeon.
You visited 1 branch of the dungeon, and saw 1 of its levels.

You collected 6 gold pieces.

Inventory:

Hand Weapons
 a - a +0 falchion (weapon)
 c - a +4 dagger
Wands
 f - a wand of digging (2)
Scrolls
 b - a scroll of fog
 d - a scroll of identify {unknown}


   Skills:
 * Level 3.2 Fighting
 * Level 2.2 Long Blades
 * Level 2.2 Dodging
 + Level 7.1 Stealth
 * Level 0.5 Spellcasting


You had 3 spell levels left.
You didn't know any spells.
Your spell library was empty.

Dungeon Overview and Level Annotations

Branches:
Dungeon (5/15)
 Temple: D:4-7

Altars:

Shops:
D:5 *


Innate Abilities, Weirdness & Mutations

You cannot wear most types of armour.
You are amphibious.
You can wear up to eight rings at the same time.
Your skin changes colour to match your surroundings (Stealth+).
Your rubbery body absorbs attacks. (AC +1, EV +1)
((You are camouflaged when in or above water. (Stealth+)))
You have tentacles for arms and can constrict up to eight enemies at once.


Message History

You feel yourself slow down.
You open the door.
There is an open door here.
There is an entrance to Sodautif's Serpentskin Sales here.
You can access your shopping list by pressing '$'.
There is an open door here.
You close the door.
You now have 6 gold pieces.
You start resting.
An orc priest is nearby!
The orc priest shouts!
You hear a shout!
The orc priest barely misses you.
The orc priest looks braver for a moment.
You hit the orc priest but do no damage.
You grab the orc priest.
You constrict the orc priest, but do no damage.
The orc priest miscasts a cantrip.
The orc shouts!
You hit the orc. You grab the orc.
The orc is heavily wounded.
You constrict the orc.
You constrict the orc priest, but do no damage.
The orc priest completely misses you. The orc hits you with a +0 club.
The orc priest hits you with a +0 trident.
The orc closely misses you.
You hit the orc priest but do no damage.
You constrict the orc.
You kill the orc!
You constrict the orc priest.
The orc priest invokes the aid of Beogh against you.
Beogh smites you!
Ouch! That really hurt!
* * * LOW HITPOINT WARNING * * *
You hit the orc priest but do no damage.
The orc priest is lightly wounded.
You constrict the orc priest.
The orc priest invokes the aid of Beogh against you.
Beogh smites you!
Ouch! That really hurt!
You die...

###### ### ****
..##.## ##.# ****,,*
......# #########..#
*,,,,,,
...#..####.........##
*******
...##..#..........##
* ...##..#........@.#
* ######'##......o).#
# #.S.#.........# #
#S∩.##........# # ##
#.S.###.o.....# #
.#####+#####......# #
....##.......#....# #
......#..###.<##### #
........#####..# #


You could see an orc priest and an orc.

Vanquished Creatures
  An orc wizard (D:5)
  2 orcs (D:5)
3 creatures vanquished.

Notes
Turn   | Place    | Note
-------+----------+-------------------------------------------
     0 | D:5      | Esekla the Octopode Delver began the quest for the Orb.
     0 | D:5      | Reached XP level 1. HP: 16/16 MP: 1/1
    39 | D:5      | Noticed an ogre
    54 | D:5      | Noticed an orc wizard
    54 | D:5      | Noticed an orc wizard
    73 | D:5      | Noticed an orc priest
    74 | D:5      | Noticed an orc wizard
    97 | D:5      | Killed an orc wizard
    98 | D:5      | Reached skill level 7 in Stealth
    98 | D:5      | Reached XP level 2. HP: 2/21 MP: 2/2
    98 | D:5      | Reached XP level 3. HP: 2/26 MP: 3/3
   129 | D:5      | Found Sodautif's Serpentskin Sales.
   129 | D:5      | Noticed a water moccasin
   206 | D:5      | Killed from afar by an orc priest

Illustrated notes

Levels and vault maps discovered:
D:5:      layout_cave_pods, guppyfry_shop_venom

Skill      XL: |  1 |
---------------+----+-----
Stealth        | 7 |  7.1
Fighting       | |  3.2
Long Blades    | |  2.2
Dodging        | |  2.2
Spellcasting   | |  0.5

Action                     || total
---------------------------++-------
  Melee: Falchion          ||     8
         Constrict         ||     4
         Tentacles         ||     2
  Evoke: Wand              ||     1
    Use: Scroll            ||     2
         Potion            ||     1
  Dodge: Dodged            ||     9

Table legend: (Time is in decaauts)
 A = Elapsed time spent in this place.
 B = Non-inter-level travel time spent in this place.
 C = Inter-level travel time spent in this place.
 D = Time resting spent in this place.
 E = Time spent auto-exploring this place.
 F = Levels seen in this place.
 G = Mean time per level.
                   A        B        C        D        E       F      G
               +--------+--------+--------+--------+--------+-----+--------+
         Total |    188 |    188 |      0 |     21 |      0 |   1 |  188.0 |
       Dungeon |    188 |    188 |      0 |     21 |      0 |   1 |  188.0 |
               +--------+--------+--------+--------+--------+-----+--------+

Top non-repeatable levels by time:
     D:5: 188 daAuts
